cohdb
Replays
Latest Replays
All Replays
Popular Replays
Top Player Replays
Match Explorer
How It Works
Community
CoH3 Stats
Reddit
Sign in to upload your games and track your stats! →
Sign in with Steam
Match 40450722
Unlisted
Match 40450722
Overview
Messages
Build Orders
End
Kettenkrad Recon Vehicle
Construct Infanterie Kompanie
Grenadier Squad
MG 42 Machine Gun Team
GrW 34 Mortar Team
Construct Panzergrenadier Kompanie
Panzergrenadier Squad
Pak 40 Anti-tank Gun Team
Support Elements
Nebelwerfer 42 Rocket Launcher Team
Selects Breakthrough Battlegroup
Selects Rapid Production
Selects Assault Grenadiers
StuG III G Assault Gun
Kettenkrad Recon Vehicle
Panzergrenadier Squad
StuG III G Assault Gun
Selects Blitzkrieg
Medical Station
Nebelwerfer 42 Rocket Launcher Team
Panzergrenadier Squad
Selects Panzer IV Command Tank Sd.Kfz. 161/1
Pioneer Squad
Unsafe
kyoung5gi
Genocide OPS
Dadical
mak191mmm
Fruti2k
0
0
Comments
sign in to comment!
No comments posted yet!